 Dungeon Crawl Stone Soup version 0.29-a0-338-g1ff7896281 (webtiles) character file.

Game seed: 2808740975610449502

430 Jortsu the Covered (level 6, -2/39 HPs)
             Began as a Gargoyle Fighter on Apr 18, 2022.
             Was a Priest of Lugonu.
             Killed from afar by an electric eel (3 damage)
             ... with a bolt of electricity
             ... on level 3 of the Dungeon.
             The game lasted 00:05:27 (4566 turns).

Jortsu the Covered (Gargoyle Fighter)               Turns: 4566, Time: 00:05:28

Health: -2/39      AC: 14    Str: 21    XL:     6   Next: 99%
Magic:  6/6        EV:  9    Int:  9    God:    Lugonu [***...]
Gold:   191        SH:  4    Dex:  9    Spells: 5/5 levels left

rFire   . . .      SeeInvis .   a - +1 flail
rCold   . . .      Faith    .   c - +0 buckler
rNeg    + . .      Spirit   .   b - +0 scale mail
rPois   ∞          Reflect  .   (no helmet)
rElec   +          Harm     .   (no cloak)
rCorr   .          Rampage  .   n - +0 pair of gloves
Will    .....                   o - +0 pair of boots
Stlth   ..........              (no amulet)
HPRegen 0.13/turn               (no ring)
MPRegen 0.10/turn               (no ring)

@: studying Dodging
A: sickness immunity, AC +4, negative energy resistance 1, electricity
resistance, torment resistance 1, petrification resistance
a: Renounce Religion, Depart the Abyss, Bend Space, Banish


You were on level 3 of the Dungeon.
You worshipped Lugonu.
Lugonu was most pleased with you.
You visited 1 branch of the dungeon, and saw 3 of its levels.

You collected 191 gold pieces.

Inventory:

Hand Weapons
 a - a +1 flail (weapon)
Armour
 b - a +0 scale mail (worn)
 c - a +0 buckler (worn)
 n - a +0 pair of gloves (worn)
 o - a +0 pair of boots (worn)
Wands
 d - a wand of flame (18)
Scrolls
 e - a scroll of amnesia
 f - 3 scrolls of enchant weapon
 h - a scroll of noise
 l - a scroll of brand weapon {unknown}
 m - a scroll of identify
 p - a scroll of teleportation
 q - a scroll of blinking
 s - a scroll of fear {unknown}
 t - a scroll of fog {unknown}
Potions
 g - a potion of berserk rage
 i - 3 potions of curing
 j - a potion of lignification {unknown}
 k - 2 potions of heal wounds
 r - 2 potions of haste {unknown}


   Skills:
 + Level 4.4 Fighting
 + Level 4.7 Maces & Flails
 + Level 4.8 Armour
 + Level 1.4 Dodging
 + Level 1.1 Stealth
 + Level 4.4 Shields


You had 5 spell levels left.
You didn't know any spells.
Your spell library contained the following spells:

 Spells                   Type           Power      Damage    Failure   Level
 Sandblast                Erth           0%         2d4       80%         1
 Passwall                 Tmut/Erth      0%         N/A       90%         2
 Stone Arrow              Conj/Erth      0%         3d7       99%         3


Dungeon Overview and Level Annotations

Branches:
Dungeon (3/15)

Altars:
Hepliaklqana
Lugonu

Annotations:
D:3 1 transporter


Innate Abilities, Weirdness & Mutations

You are immune to sickness and miasma.
Your stone body is resilient. (AC +4)
You are immune to poison.
You resist negative energy. (rN+)
You are resistant to electric shocks. (rElec)
You are resistant to unholy torment.
You are immune to petrification.


Message History

The electric eel is moderately wounded.
The electric eel shoots out a bolt of lightning at you!
The bolt of electricity hits you. You resist. The bolt of electricity hits you.
You resist.
The electric eel shoots out a bolt of lightning at you!
The bolt of electricity hits you. You resist. The bolt of electricity hits you.
You resist.
The bolt of electricity hits the electric eel.
The electric eel completely resists.
The electric eel shoots out a bolt of lightning at you!
The bolt of electricity hits you. You resist.
You hit the electric eel.
The electric eel is moderately wounded.
The electric eel shoots out a bolt of lightning at you!
The bolt of electricity hits you. You resist.
The electric eel shoots out a bolt of lightning at you!
The bolt of electricity hits you. You resist.
The bolt of electricity misses you.
The bolt of electricity hits the electric eel.
The electric eel completely resists.
You thump the electric eel!
The electric eel is almost dead.
The electric eel shoots out a bolt of lightning at you!
The bolt of electricity hits you. You resist. The bolt of electricity hits you.
You resist.
The electric eel shoots out a bolt of lightning at you!
The bolt of electricity hits you. You resist.
* * * LOW HITPOINT WARNING * * *
The bolt of electricity hits you. You resist.
* * * LOW HITPOINT WARNING * * *
The bolt of electricity hits the electric eel.
The electric eel completely resists.
The electric eel shoots out a bolt of lightning at you!
The bolt of electricity hits you. You resist.
* * * LOW HITPOINT WARNING * * *
The electric eel shoots out a bolt of lightning at you!
The bolt of electricity hits you. You resist.
* * * LOW HITPOINT WARNING * * *
The bolt of electricity hits you. You resist.
You die...

#........# #.###
#.######.############.#.. #######
#.# #............#.#.# ......#
#.#################...#.# ####..#
#.##.................##..
###.###.##.###############)<###
#.......##)#8P#≈≈≈≈≈≈≈#P8#.....
#..........#..#..≈≈≈P≈#..#.....
#......#..©#©.@..≈♣≈≈≈+=©#©....
###......##..#..#..S≈≈≈≈#..#.....
..#......###.#8≈#SS≈≈≈≈≈#P8#.....
..#####.## #.###############.....
..#####.####.....................
...).....................>.......
..#####..##########.##.######....
.........## #.##...........
..........# #.##.#######...


You could see 3 electric eels.

Vanquished Creatures
  Sigmund (D:3)
  A scorpion (D:3)
  An electric eel (D:3)
  An orc priest (D:3)
  Terence (D:3)
  3 gnolls (D:2)
  An adder (D:2)
  2 dart slugs (D:1)
  3 orcs (D:3)
  2 ball pythons (D:3)
  5 bats
  5 endoplasms
  A giant cockroach (D:1)
  6 goblins
  6 hobgoblins (D:1)
  11 jackals
  2 kobolds (D:3)
  3 quokkas
  A frilled lizard (D:1)
  10 rats
66 creatures vanquished.

Vanquished Creatures (others)
  An orc wizard (D:3)
  14 plants
15 creatures vanquished.

Grand Total: 81 creatures vanquished

Notes
Turn   | Place    | Note
-------+----------+-------------------------------------------
     0 | D:1      | Jortsu the Gargoyle Fighter began the quest for the Orb.
     0 | D:1      | Reached XP level 1. HP: 14/14 MP: 1/1
   148 | D:1      | Reached XP level 2. HP: 19/19 MP: 2/2
   880 | D:1      | Reached XP level 3. HP: 24/24 MP: 3/3
  1472 | D:2      | Found a faded altar of an unknown god.
  1484 | D:2      | Prayed at the altar of an unknown god.
  1484 | D:2      | Became a worshipper of Lugonu the Unformed
  1484 | D:2      | Reached * piety under Lugonu
  1484 | D:2      | Reached ** piety under Lugonu
  1509 | D:2      | Found a hazy altar of Hepliaklqana.
  1782 | D:2      | Reached XP level 4. HP: 29/29 MP: 4/4
  2554 | D:3      | Found a transporter.
  2705 | D:3      | Noticed Terence
  2710 | D:3      | Killed Terence
  2711 | D:3      | Reached XP level 5. HP: 30/33 MP: 5/5
  2879 | D:3      | Found a hazy altar of Hepliaklqana.
  3551 | D:3      | Found a transporter.
  3675 | D:3      | Reached *** piety under Lugonu
  3730 | D:3      | Reached skill level 1 in Dodging
  4052 | D:3      | Noticed Sigmund
  4064 | D:3      | Killed Sigmund
  4065 | D:3      | Reached skill level 1 in Stealth
  4065 | D:3      | Reached XP level 6. HP: 27/39 MP: 6/6
  4566 | D:3      | HP: 1/39 [electric eel/bolt of electricity (4)]
  4566 | D:3      | Killed from afar by an electric eel

Illustrated notes

Levels and vault maps discovered:
D:1:      dpeg_arrival_ratfight, layout_basic, serial_corexii_hall,
          chequers_hall_statues_wall_a, corexii_hall_statues_i,
          corexii_hall_statues_s, chequers_hall_statues_corner_a,
          corexii_hall_statues_l, corexii_hall_statues_i, serial_bayou_lagoon_a
D:2:      layout_loops_corners, basic_altar, ebering_ecumenical_altar_box,
          lemuel_old_faithful
D:3:      gammafunk_steamed_eel, layout_basic, nicolae_hepliaklqana_hazy_memory,
          uniq_terence, uniq_sigmund

Skill      XL: |  1  2  3  4  5 |
---------------+----------------+-----
Armour         | 4 |  4.8
Maces & Flails | 3 4 |  4.7
Shields        | 4 |  4.4
Fighting       | 4 |  4.4
Dodging        | 1 |  1.4
Stealth        | 1 |  1.1

Action                   |  1- 3 |  4- 6 || total
-------------------------+-------+-------++-------
Melee: Flail             |   118 |   115 ||   233
  Use: Scroll            |     6 |     4 ||    10
       Potion            |       |     1 ||     1
Armor: Scale mail        |    84 |    52 ||   136
Dodge: Dodged            |    73 |    50 ||   123
Block: Buckler           |    38 |    34 ||    72

Table legend: (Time is in decaauts)
 A = Elapsed time spent in this place.
 B = Non-inter-level travel time spent in this place.
 C = Inter-level travel time spent in this place.
 D = Time resting spent in this place.
 E = Time spent auto-exploring this place.
 F = Levels seen in this place.
 G = Mean time per level.
                   A        B        C        D        E       F      G
               +--------+--------+--------+--------+--------+-----+--------+
         Total |   4642 |   4593 |     49 |   1207 |   2570 |   3 | 1547.3 |
       Dungeon |   4642 |   4593 |     49 |   1207 |   2570 |   3 | 1547.3 |
               +--------+--------+--------+--------+--------+-----+--------+

Top non-repeatable levels by time:
     D:3: 2033 daAuts
     D:1: 1467 daAuts
     D:2: 1141 daAuts
